 Dungeon Crawl Stone Soup version 0.18-a0-1542-g9c1a92e (webtiles) character file.

25 Herrn the Magician (level 2, 0/21 HPs)
             Began as a Demonspawn Wizard on Mar 10, 2016.
             Slain by a howler monkey skeleton (2 damage)
             ... on level 1 of the Dungeon.
             The game lasted 00:03:00 (1273 turns).

Herrn the Magician (Demonspawn Wizard)              Turns: 1273, Time: 00:03:01

Health: 0/21       AC:  2    Str:  7    XL:     2   Next: 86%
Magic:  1/6        EV: 12    Int: 19    God:
Gold:   0          SH:  0    Dex: 11    Spells: 1 memorised, 6 levels left

rFire  + . .     SeeInvis .     (no weapon)
rCold  . . .     Gourm    .     a - +0 robe
rNeg   . . .     Faith    .     (no shield)
rPois  .         Spirit   .     b - +0 hat
rElec  .         Dismiss  .     (no cloak)
rCorr  .         Reflect  .     (no gloves)
SustAt .         Harm     .     (no boots)
MR     .....                    (no amulet)
Stlth  ++........               (no ring)
                                (no ring)

@: very slightly contaminated, not resistant to hostile enchantments, unstealthy
A: fire resistance 1
a: no special abilities


You were on level 1 of the Dungeon.
You were hungry.

You visited 1 branch of the dungeon, and saw 1 of its levels.

Inventory:

Armour
 a - a +0 robe (worn)
 b - a +0 hat (worn)
Scrolls
 e - a scroll of remove curse {unknown}
 g - 2 scrolls of enchant weapon {unknown}
 h - a scroll of noise {unknown}
 j - a scroll of enchant armour {unknown}
Potions
 f - a potion of beneficial mutation {unknown}
 i - a potion of heal wounds {unknown}
Books
 c - a book of Minor Magic

   Spells                             Type                      Level
   a - Magic Dart                     Conjuration                  1
   b - Blink                          Translocation                2
   c - Call Imp                       Summoning                    2
   d - Repel Missiles                 Charms/Air                   2
   e - Slow                           Hexes                        2
   f - Conjure Flame                  Conjuration/Fire             3
   g - Mephitic Cloud                 Conjuration/Poison/Air       3
Comestibles
 d - a bread ration


   Skills:
 * Level 1.3 Fighting
 + Level 2.1 Dodging
 - Level 1.7 Stealth
 + Level 3.3 Spellcasting
 * Level 1.3 Conjurations
   Level 1.0 Summonings
   Level 0.8 Translocations


You had 6 spell levels left.
You knew the following spells:

 Your Spells              Type           Power        Failure   Level  Hunger
a - Magic Dart            Conj           #...         10%         1    None


Dungeon Overview and Level Annotations

Branches:
Dungeon (1/15)

Altars:


Innate Abilities, Weirdness & Mutations

Your flesh is heat resistant.


Message History

Casting: Magic Dart
Confirm with . or Enter, or press ? or * to list all spells.
You don't have enough magic to cast that spell.
The jackal misses you. The jackal bites you.
* * * LOW HITPOINT WARNING * * *
There is an open door here.
The jackal bites you.
* * * LOW HITPOINT WARNING * * *
The bat hits you but does no damage. The bat barely misses you.
The bat hits you but does no damage.
A howler monkey skeleton comes into view.
The jackal bites you.
* * * LOW HITPOINT WARNING * * *
The bat hits you but does no damage. The jackal misses you.
The bat hits you but does no damage.
You hit the howler monkey skeleton. The bat hits you but does no damage.
The jackal misses you. The howler monkey skeleton hits you.
You die...

#.......###..#.##....###.# #
#.......#......##....###.#### #
#.......#.#.##.##............ #
#.......#.#.##.##....#.......
#####.......#.#.##.......#.......
. ......................##.......
# ######)#.##......##...........
#########.#.#..hb.......##......รท
h...........hh..@Z...>....)......
#####.##..#....h....#............
l.....##..#........##............
########h.########....#..........
########......).......#....###.#.
.h.hh..h.....########.#.#..#...#.
########.....##### #.#....#.#)#.
#..........# #.##.........
#..........# #.##.......##


You could see 4 jackals, a bat and a howler monkey skeleton.

Vanquished Creatures
  A gnoll (D:1)
  A dart slug (D:1)
  A giant gecko (D:1)
  4 bats (D:1)
  A giant cockroach (D:1)
  2 goblins (D:1)
  A hobgoblin (D:1)
  A giant newt (D:1)
  A kobold (D:1)
13 creatures vanquished.

Notes
Turn   | Place    | Note
--------------------------------------------------------------
     0 | D:1      | Herrn the Demonspawn Wizard began the quest for the Orb.
     0 | D:1      | Reached XP level 1. HP: 13/13 MP: 4/4
   392 | D:1      | Reached skill level 1 in Fighting
   431 | D:1      | Gained mutation: Your flesh is heat resistant. [demonic ancestry]
   431 | D:1      | Reached XP level 2. HP: 21/21 MP: 1/6
  1273 | D:1      | Slain by a howler monkey skeleton

Vault maps used:
D:1:      lemuel_arrival_broad_hall

Skill      XL: |  1  2 |
---------------+-------+-----
Fighting       | 1 |  1.3
Dodging        | 2 |  2.1
Stealth        | |  1.7
Spellcasting   | |  3.3
Conjurations   | |  1.3
Summonings     | |  1.0
Translocations | |  0.8

Action                   || total
-------------------------++-------
Melee: Unarmed           ||     4
 Cast: Magic Dart        ||    56
